 Dungeon Crawl Stone Soup version 0.29-a0-559-g359e09b9d1 (webtiles) character file.

Game seed: 13204999771987910113

19 Hubjo the Insei (level 2, 0/22 HPs)
             Began as a Demonspawn Transmuter on June 9, 2022.
             Slain by an endoplasm (1 damage)
             ... on level 1 of the Dungeon.
             The game lasted 00:01:27 (1105 turns).

Hubjo the Insei (Demonspawn Transmuter)             Turns: 1105, Time: 00:01:28

Health: 0/22       AC:  2    Str: 10    XL:     2   Next: 55%
Magic:  2/5        EV: 12    Int: 14    God:
Gold:   20         SH:  0    Dex: 13    Spells: 4/5 levels left

rFire   . . .      SeeInvis .     - Unarmed
rCold   . . .      Faith    .   (no shield)
rNeg    . . .      Spirit   .   a - +0 robe
rPois   .          Reflect  .   (helmet currently unavailable)
rElec   .          Harm     .   (no cloak)
rCorr   .          Rampage  .   (no gloves)
Will    .....                   (boots currently unavailable)
Stlth   +.........              (no amulet)
HPRegen 0.07/turn               (no ring)
MPRegen 0.09/turn               (no ring)

@: appendages
A: horns 2, talons 2, sturdy frame 1
a: End Transformation


You were on level 1 of the Dungeon.
You had temporarily grown beastly horns and talons.
You visited 1 branch of the dungeon, and saw 1 of its levels.

You collected 20 gold pieces.

Inventory:

Armour
 a - a +0 robe (worn)
Jewellery
 f - a +4 ring of evasion
 j - a ring of resist corrosion
Scrolls
 d - a scroll of vulnerability {unknown}
 h - a scroll of teleportation {unknown}
 k - 2 scrolls of identify {unknown}
Potions
 b - a potion of lignification
 c - a potion of might {unknown}
 e - 2 potions of attraction {unknown}
 g - a potion of curing {unknown}
 i - a potion of flight {unknown}


   Skills:
 * Level 1.7 Fighting
 - Level 1.7 Dodging
 + Level 0.5 Stealth
 + Level 2.9 Unarmed Combat
 + Level 2.1 Spellcasting
 + Level 2.0 Transmutations


You had 4 spell levels left.
You knew the following spells:

 Your Spells              Type           Power      Damage    Failure   Level
a - Beastly Appendage     Tmut           14%        N/A       11%         1

Your spell library contained the following spells:

 Spells                   Type           Power      Damage    Failure   Level
 Wereblood                Tmut           7%         N/A       16%         2
 Spider Form              Tmut/Pois      4%         N/A       43%         3
 Ice Form                 Ice/Tmut       4%         N/A       83%         4


Dungeon Overview and Level Annotations

Branches:
Dungeon (1/15)

Altars:
Xom

Shops:
D:1 !


Innate Abilities, Weirdness & Mutations

You have temporarily grown beastly horns and talons.
Your movements are slightly less encumbered by armour. (ER -2)


Message History

The endoplasm closely misses you.
Your magical contamination has completely faded away.
There are monsters nearby!
You are too injured to fight recklessly!
There are monsters nearby!
You are too injured to fight recklessly!
You are too injured to fight recklessly!
You are too injured to fight recklessly!
There are monsters nearby!
You are too injured to fight recklessly!
There are monsters nearby!
You are too injured to fight recklessly!
You are too injured to fight recklessly!
There are monsters nearby!
You are too injured to fight recklessly!
You are too injured to fight recklessly!
There are monsters nearby!
You are too injured to fight recklessly!
You are too injured to fight recklessly!
You are too injured to fight recklessly!
You miss the kobold. You claw the kobold.
You kill the kobold!
The quokka bites you. The endoplasm hits you. The quokka closely misses you.
The endoplasm freezes you.
You are frozen.
* * * LOW HITPOINT WARNING * * *
Things that are here:
a +0 short sword; 4 stones; a kobold corpse You hit the quokka.
You punch the quokka.
The quokka is severely wounded.
The quokka barely misses you. The endoplasm misses you.
You barely miss the quokka. Your kick misses the quokka.
Your headbutt misses the quokka.
The quokka is severely wounded.
The quokka bites you.
* * * LOW HITPOINT WARNING * * *
The endoplasm hits you but does no damage.
The endoplasm hits you.
You die...

......#...# ... ....
......#...# ... .....
......#...##.. ......
.........?..# ......
............#######...##
#...................###
#...................#≈≈
#....JJ.............#≈.
#.....@r...####.....#≈.
#..........# #.....#≈♣
#..........# #.....#♣.
............# #####..≈.
.............#########♣.
.....##......##...# #≈P
..... #......##...# #≈.
##### #......##...## #≈≈
#.....#####


You could see 2 endoplasms and a quokka.

Vanquished Creatures
  A dart slug (D:1)
  A ball python (D:1)
  An endoplasm (D:1)
  A giant cockroach (D:1)
  A goblin (D:1)
  4 hobgoblins (D:1)
  2 kobolds (D:1)
  A bat (D:1)
  2 frilled lizards (D:1)
  2 rats (D:1)
16 creatures vanquished.

Vanquished Creatures (others)
  5 toadstools (D:1)
5 creatures vanquished.

Grand Total: 21 creatures vanquished

Notes
Turn   | Place    | Note
-------+----------+-------------------------------------------
     0 | D:1      | Hubjo the Demonspawn Transmuter began the quest for the
                  | Orb.
     0 | D:1      | Reached XP level 1. HP: 15/15 MP: 3/3
    81 | D:1      | Found a faded altar of an unknown god.
   109 | D:1      | Prayed at the altar of an unknown god.
   109 | D:1      | Became a worshipper of Xom of Chaos
   110 | D:1      | Fell from the grace of Xom
   176 | D:1      | Found Dausiroz's Distillery.
   534 | D:1      | Gained mutation: Your movements are slightly less
                  | encumbered by armour. (ER -2) [demonic ancestry]
   534 | D:1      | Reached XP level 2. HP: 12/21 MP: 3/5
   600 | D:1      | XOM: 6-stop teleportation journey
   720 | D:1      | XOM: noise
   837 | D:1      | XOM: summons 4 hostile shadow creatures
  1105 | D:1      | HP: 1/22 [quokka (3)]
  1105 | D:1      | Slain by an endoplasm

Illustrated notes

Levels and vault maps discovered:
D:1:      ldierk_walled_garden, layout_basic, shapermc_ecumenical_altar_gd,
          serial_shops, nicolae_shop_trees, minmay_hexomino_p4

Skill      XL: |  1  2 |
---------------+-------+-----
Transmutations | 2 |  2.0
Fighting       | |  1.7
Dodging        | |  1.7
Stealth        | |  0.5
Unarmed Combat | |  2.9
Spellcasting   | |  2.1

Action                   || total
-------------------------++-------
Melee: Unarmed           ||    53
       Kick              ||     9
       Headbutt          ||     4
       Punch             ||     2
 Cast: Beastly Appendage ||    21
Invok: Renounce Religion ||     1
 Stab: Sleeping          ||     1
Armor: Robe              ||     8
Dodge: Dodged            ||    32

Table legend: (Time is in decaauts)
 A = Elapsed time spent in this place.
 B = Non-inter-level travel time spent in this place.
 C = Inter-level travel time spent in this place.
 D = Time resting spent in this place.
 E = Time spent auto-exploring this place.
 F = Levels seen in this place.
 G = Mean time per level.
                   A        B        C        D        E       F      G
               +--------+--------+--------+--------+--------+-----+--------+
         Total |   1105 |   1096 |      9 |      0 |    957 |   1 | 1105.0 |
       Dungeon |   1105 |   1096 |      9 |      0 |    957 |   1 | 1105.0 |
               +--------+--------+--------+--------+--------+-----+--------+

Top non-repeatable levels by time:
     D:1: 1105 daAuts
